 Dungeon Crawl Stone Soup version 0.27-a0-1202-ge72e491 (webtiles) character file.

Game seed: 8213306498523125111

1001 Meow the Conjurer (level 8, -4/62 HPs)
             Began as a Naga Venom Mage on June 1, 2021.
             Slain by Blork the orc
             ... wielding a +0 glaive
              (17 damage)
             ... on level 5 of the Dungeon.
             The game lasted 00:14:37 (3737 turns).

Meow the Conjurer (Naga Venom Mage)                 Turns: 3737, Time: 00:14:38

Health: -4/62      AC:  4    Str: 11    XL:     8   Next: 20%
Magic:  17/17      EV: 14    Int: 17    God:
Gold:   288        SH:  0    Dex: 12    Spells: 12/19 levels left

rFire    . . .     SeeInvis +   a - +0 short sword
rCold    . . .     Faith    .   (no shield)
rNeg     . . .     Spirit   .   h - +0 robe
rPois    +         Reflect  .   (no helmet)
rElec    .         Harm     .   (no cloak)
rCorr    .         Rampage  .   k - +0 pair of gloves
Will     +....                  (no barding)
Stlth    ++........             (no amulet)
HPRegen  0.20/turn              r - +4 ring of evasion
MPRegen  0.15/turn              (no ring)

@: very slow
A: AC +2, large, see invisible, deformed body, poison resistance, slowness 2,
spit poison 1, naga tail 1
a: Spit Poison


You were on level 5 of the Dungeon.
You visited 1 branch of the dungeon, and saw 5 of its levels.

You collected 288 gold pieces.

Inventory:

Hand Weapons
 a - a +0 short sword (weapon)
 o - a +0 scythe of venom
Missiles
 b - 113 stones (quivered)
 g - 18 sling bullets
Armour
 h - a +0 robe (worn)
 k - a +0 pair of gloves (worn)
 v - a +0 leather armour of fire resistance
Jewellery
 m - a ring of ice
 r - a +4 ring of evasion (left hand)
Scrolls
 c - 2 scrolls of enchant armour
 d - 2 scrolls of teleportation
 i - a scroll of holy word {unknown}
 j - a scroll of enchant weapon {unknown}
 p - 3 scrolls of identify
 q - a scroll of amnesia {unknown}
 t - a scroll of summoning {unknown}
 u - a scroll of noise {unknown}
 w - 2 scrolls of fog {unknown}
 x - 3 scrolls of silence {unknown}
 y - a scroll of blinking {unknown}
Potions
 e - a potion of haste
 f - 2 potions of flight {unknown}
 l - 2 potions of curing {unknown}
 n - a potion of degeneration {unknown}
 s - a potion of magic {unknown}


   Skills:
 - Level 1.5 Dodging
 - Level 3.0 Stealth
 - Level 6.0 Spellcasting
 + Level 6.7 Conjurations
 - Level 1.0 Transmutations
 - Level 4.0 Poison Magic


You had 12 spell levels left.
You knew the following spells:

 Your Spells              Type           Power      Damage    Failure   Level
a - Sting                 Tmut/Pois      52%        1d5       4%          1
c - Mephitic Cloud        Conj/Pois/Air  17%        N/A       9%          3
C - Ignite Poison         Fire/Tmut/Pois 10%        N/A       19%         3

Your spell library contained the following spells:

 Spells                   Type           Power      Damage    Failure   Level
 Poisonous Vapours        Pois/Air       22%        N/A       9%          2
 Olgreb's Toxic Radiance  Pois           18%        N/A       24%         4


Dungeon Overview and Level Annotations

Branches:
Dungeon (5/15)
 Temple: D:4-7

Altars:
Qazlal

Shops:
D:2 [

Annotations:
D:5 Blork the orc


Innate Abilities, Weirdness & Mutations

Your serpentine skin is tough. (AC +2)
You have supernaturally acute eyesight. (SInv)
Armour fits poorly on your strangely shaped body.
Your system is resistant to poisons. (rPois)
You cover ground very slowly.
You can spit poison.
You have a snake-like lower body.


Message History

Key pressed, stopping explore.
Key pressed, stopping explore.
Key pressed, stopping explore.
Key pressed, stopping explore.
Key pressed, stopping explore.
Key pressed, stopping explore.
Blork the orc comes into view.
He is wielding a +0 glaive.
Blork the orc points at you and mumbles some strange words.
The magic dart hits you.
Found a robe.
Blork the orc is nearby!
Blork the orc is nearby!
Blork the orc is nearby!
Blork the orc is nearby!
Blork the orc is nearby!
A shadow imp comes into view.
Found 15 gold pieces and a falchion.
Found a stone staircase leading down.
Blork the orc screams, "I don't like you!"
Blork the orc closely misses you. The shadow imp gestures at you.
Pain shoots through your body!
An orc comes into view. It is wielding a +0 short sword.
Blork the orc closely misses you. Blork the orc barely misses you.
Blork the orc hits you with a +0 glaive.
You barely miss Blork the orc. The shadow imp barely misses you.
Blork the orc barely misses you.
You hit Blork the orc.
Blork the orc is lightly wounded.
The shadow imp hits you but does no damage.
Blork the orc screams, "I'll break your legs!"
Blork the orc hits you with a +0 glaive.
The shadow imp hits you.
You completely miss Blork the orc.
Blork the orc is lightly wounded.
Blork the orc hits you with a +0 glaive!
The shadow imp gestures at you. Pain shoots through your body!
* * * LOW HITPOINT WARNING * * *
Blork the orc hits you with a +0 glaive!
You die...

# ########### #
#........o# # ####
#.........# ###..#
#......>..# .....#
#..5......#
##..##########..@[.....#
#..........#....o......#
...........#.#..$......#
.............#.........#
.##.##########..)......#
.##.# #####.##### #...#
.# #.### .# ..###


You could see Blork the orc, a shadow imp and an orc (asleep).

Vanquished Creatures
  Sigmund (D:2)
  Menkaure (D:5)
  2 ogres
  A gnoll sergeant (D:5)
  A water moccasin skeleton (D:4)
  A howler monkey (D:5)
  3 jellies
  A gnoll shaman (D:5)
  2 iguanas
  An orc wizard (D:5)
  Terence (D:2)
  8 gnolls (D:5)
  4 adders
  A shadow imp (D:5)
  3 dart slugs
  10 orcs
  5 bats
  6 endoplasms
  A giant cockroach (D:3)
  2 goblins
  4 hobgoblins
  9 jackals
  5 quokkas
  10 ball pythons
  3 frilled lizards (D:1)
  5 kobolds
  5 rats
96 creatures vanquished.

Notes
Turn   | Place    | Note
-------+----------+-------------------------------------------
     0 | D:1      | Meow the Naga Venom Mage began the quest for the Orb.
     0 | D:1      | Reached XP level 1. HP: 15/15 MP: 3/3
   145 | D:1      | Reached skill level 1 in Conjurations
   145 | D:1      | Reached XP level 2. HP: 22/22 MP: 5/5
   630 | D:1      | Reached XP level 3. HP: 28/28 MP: 6/6
   634 | D:1      | Learned a level 3 spell: Mephitic Cloud
   638 | D:1      | Learned a level 3 spell: Ignite Poison
  1090 | D:2      | Noticed Terence
  1103 | D:2      | Killed Terence
  1171 | D:2      | Found Ockaxen's Antique Armour Shop.
  1193 | D:2      | Reached XP level 4. HP: 36/36 MP: 6/8
  1321 | D:2      | Noticed Sigmund
  1336 | D:2      | Killed Sigmund
  1337 | D:2      | Reached XP level 5. HP: 42/42 MP: 1/11
  1337 | D:2      | Reached XP level 6. HP: 49/49 MP: 1/12
  2002 | D:3      | Found a faded altar of an unknown god.
  2928 | D:4      | Reached skill level 5 in Spellcasting
  2928 | D:4      | Reached XP level 7. HP: 55/55 MP: 3/14
  3056 | D:5      | Entered Level 5 of the Dungeon
  3082 | D:5      | Found a stormy altar of Qazlal.
  3090 | D:5      | Noticed Menkaure
  3093 | D:5      | Killed Menkaure
  3094 | D:5      | Reached skill level 5 in Conjurations
  3378 | D:5      | Reached XP level 8. HP: 62/62 MP: 2/16
  3730 | D:5      | Noticed Blork the orc
  3737 | D:5      | Slain by Blork the orc

Illustrated notes

Levels and vault maps discovered:
D:1:      zaba_arrival_water, layout_loops_ring
D:2:      layout_basic, serial_shops, shop, uniq_sigmund, uniq_terence
D:3:      layout_loops_ring, basic_ecumenical_altar, dk_noncrumbling_2
D:4:      layout_loops_cross
D:5:      layout_rooms, nicolae_qazlal_general_emergency, uniq_menkaure,
          uniq_blork_the_orc

Skill      XL: |  1  2  3  4  5  6  7  8 |
---------------+-------------------------+-----
Conjurations   | 1 2 3 4 6 |  6.7
Spellcasting   | 3 4 5 6 |  6.0
Dodging        | |  1.5
Stealth        | |  3.0
Transmutations | |  1.0
Poison Magic   | |  4.0

Action                   |  1- 3 |  4- 6 |  7- 9 || total
-------------------------+-------+-------+-------++-------
Melee: Short sword       |     3 |    56 |    68 ||   127
Throw: Stone             |       |       |     2 ||     2
 Cast: Sting             |    23 |    32 |    14 ||    69
       Ignite Poison     |     1 |     1 |     5 ||     7
       Mephitic Cloud    |       |     7 |    14 ||    21
 Abil: Spit Poison       |    24 |    41 |    21 ||    86
  Use: Scroll            |       |     3 |       ||     3
Armor: Robe              |     4 |    14 |    11 ||    29
Dodge: Dodged            |     6 |    41 |    71 ||   118

Table legend: (Time is in decaauts)
 A = Elapsed time spent in this place.
 B = Non-inter-level travel time spent in this place.
 C = Inter-level travel time spent in this place.
 D = Time resting spent in this place.
 E = Time spent auto-exploring this place.
 F = Levels seen in this place.
 G = Mean time per level.
                   A        B        C        D        E       F      G
               +--------+--------+--------+--------+--------+-----+--------+
         Total |   4855 |   4654 |    201 |    556 |   3151 |   5 |  971.0 |
       Dungeon |   4855 |   4654 |    201 |    556 |   3151 |   5 |  971.0 |
               +--------+--------+--------+--------+--------+-----+--------+

Top non-repeatable levels by time:
     D:1: 1271 daAuts
     D:4: 1038 daAuts
     D:3: 890 daAuts
     D:2: 889 daAuts
     D:5: 765 daAuts
